 Dungeon Crawl Stone Soup version 0.28.0 (webtiles) character file.

Game seed: 13192947609862400758

6580 bande the Cleaver (level 11, -15/67 HPs)
             Began as a Gargoyle Fighter on Feb 13, 2022.
             Was a High Priest of Okawaru.
             Demolished by a stone giant (16 damage)
             ... on level 9 of the Dungeon.
             The game lasted 00:22:08 (12026 turns).

bande the Cleaver (Gargoyle Fighter)               Turns: 12026, Time: 00:22:08

Health: -15/67     AC: 32    Str: 20    XL:     11   Next: 1%
Magic:  15/15      EV:  6    Int:  9    God:    Okawaru [*****.]
Gold:   399        SH:  7    Dex: 16    Spells: 10/10 levels left

rFire   . . .      SeeInvis .   z - +0 war axe (vamp)
rCold   + . .      Faith    .   c - +1 buckler
rNeg    + . .      Spirit   .   x - +1 plate armour {Will+}
rPois   ∞          Reflect  .   (no helmet)
rElec   +          Harm     .   b - +0 cloak
rCorr   .          Rampage  .   k - +2 pair of gloves of Dithmenos's Fury {Drain rPois Dex+3 Slay+3}
Will    +....                   u - +0 pair of boots
Stlth   ..........              (no amulet)
HPRegen 0.21/turn               t - +4 ring of protection
MPRegen 0.14/turn               (no ring)

@: slowed, very slow
A: sickness immunity, AC +8, negative energy resistance 1, electricity
resistance, torment resistance 1, petrification resistance, cold resistance 1
a: Renounce Religion, Heroism, Finesse, Duel


You were on level 9 of the Dungeon.
You worshipped Okawaru.
Okawaru was extremely pleased with you.
You visited 2 branches of the dungeon, and saw 10 of its levels.

You collected 587 gold pieces.
You spent 188 gold pieces at shops.

Inventory:

Hand Weapons
 h - a +0 flail
 s - a +0 war axe
 z - a +0 vampiric war axe (weapon)
Armour
 b - a +0 cloak (worn)
 c - a +1 buckler (worn)
 k - the +2 pair of gloves of Dithmenos's Fury (worn) {Drain rPois Dex+3 Slay+3}
   (You acquired it on level 4 of the Dungeon)

   Dex:       It affects your dexterity (+3).
   Slay:      It affects your accuracy & damage with ranged weapons and melee
   (+3).
   rPois:     It protects you from poison.
   Drain:     It drains your maximum health when unequipped.
 u - a +0 pair of boots (worn)
 x - a +1 plate armour of willpower (worn)
Jewellery
 t - a +4 ring of protection (left hand)
Wands
 w - a wand of flame (16)
 A - a wand of acid (9)
Scrolls
 a - a scroll of amnesia
 m - 4 scrolls of teleportation
 p - a scroll of magic mapping
 v - a scroll of enchant armour
Potions
 d - 2 potions of might
 e - 2 potions of heal wounds
 f - 2 potions of lignification {unknown}
 g - 6 potions of curing
 i - 2 potions of resistance
 j - 2 potions of mutation
 l - 2 potions of attraction {unknown}
 n - 3 potions of brilliance
 o - 2 potions of magic {unknown}
 q - a potion of invisibility {unknown}
 r - a potion of haste


   Skills:
 + Level 7.4 Fighting
 + Level 10.7 Axes
 + Level 7.7 Armour
 + Level 6.0 Shields
 * Level 6.1 Invocations
 * Level 2.2 Evocations


You had 10 spell levels left.
You didn't know any spells.
Your spell library contained the following spells:

 Spells                   Type           Power      Damage    Failure   Level
 Foxfire                  Conj/Fire      0%         2x1d4     100%        1
 Magic Dart               Conj           0%         1d3       100%        1
 Sandblast                Erth           0%         2d4       100%        1
 Corpse Rot               Necr/Air       0%         N/A       100%        2
 Searing Ray              Conj           0%         2d4       100%        2
 Conjure Flame            Conj/Fire      0%         6-21      100%        3
 Frozen Ramparts          Ice            0%         1d2       100%        3
 Inner Flame              Hex/Fire       0%         N/A       100%        3
 Dispel Undead            Necr           0%         3d6       100%        4
 Flame Wave               Conj/Fire      0%         2d4       100%        4
 Fulminant Prism          Conj/Hex       0%         3d6       100%        4
 Ice Form                 Ice/Tmut       0%         N/A       100%        4
 Fireball                 Conj/Fire      0%         3d3       100%        5
 Eringya's Noxious Bog    Tmut/Pois      0%         N/A       100%        6
 Starburst                Conj/Fire      0%         6d3       100%        6
 Ignition                 Fire           0%         3d3       100%        8
 Summon Ice Beast         Ice/Summ       Unusable   N/A       N/A         4
 Summon Forest            Summ/Tloc      Unusable   N/A       N/A         5
 Death Channel            Necr           Unusable   N/A       N/A         6
 Summon Hydra             Summ           Unusable   N/A       N/A         7

Dungeon Overview and Level Annotations

Branches:
Dungeon (9/15)             Temple (1/1) D:5
   Lair: D:8-11         Orc: D:9-12

Altars:
Ashenzari
Cheibriados
Dithmenos
Elyvilon
Fedhas
Gozag
Hepliaklqana
Kikubaaqudgha
Makhleb
Nemelex Xobeh
Okawaru
Qazlal
Ru
Sif Muna
Trog
Uskayaw
Vehumet
Xom
Yredelemnul
Zin
The Shining One

Shops:
D:4 =   D:6 ?   D:7 !(((


Innate Abilities, Weirdness & Mutations

You are immune to sickness and miasma.
Your stone body is resilient. (AC +8)
You are immune to poison.
You resist negative energy. (rN+)
You are resistant to electric shocks. (rElec)
You are resistant to unholy torment.
You are immune to petrification.
Your flesh is cold resistant. (rC+)


Message History

You are too injured to fight recklessly!
Unknown command.
You slash the stone giant!
The stone giant is heavily wounded.
You barely miss the wraith. You block the wraith's attack.
The stone giant hits you but does no damage.
Unknown command.
You slash the stone giant!
The stone giant is heavily wounded.
You hit the wraith but do no damage. The wraith hits you.
The wraith drains your vigour!
You feel yourself slow down.
The stone giant hits you but does no damage.
You slash the stone giant!
You feel better.
The stone giant is severely wounded.
You barely miss the wraith. You block the wraith's attack.
You block the stone giant's attack. The wraith hits you but does no damage.
You block the stone giant's attack.
Unknown command.
You hit the stone giant but do no damage.
The stone giant is heavily wounded.
You hit the wraith but do no damage. You block the wraith's attack.
The stone giant closely misses you.
You slash the stone giant!
You feel better.
The stone giant is severely wounded.
You hit the wraith. You block the wraith's attack.
The stone giant barely misses you. You block the wraith's attack.
The stone giant hits you.
Unknown command.
Your unstable footing causes you to fumble your attack.
The wraith hits you but does no damage.
The stone giant hits you but does no damage.
Your unstable footing causes you to fumble your attack.
The wraith hits you!
* * * LOW HITPOINT WARNING * * *
The wraith drains your vigour!
You feel as though you will be slow longer.
The stone giant hits you!
* * * LOW HITPOINT WARNING * * *
The wraith hits you but does no damage. The stone giant hits you!
You die...

### .. #.######
#######.# ###
#.#♣...♣#♣≈≈≈≈≈♣.♣≈≈≈≈
#.#.♣♣♣.#≈≈≈≈≈≈♣.♣≈≈≈≈
##.#.♣ ♣.#≈≈≈≈≈.....≈≈≈
#..#.♣♣♣.#≈≈≈≈.......≈≈
#..#♣...♣#≈≈≈..W......≈
#..#♣...♣#≈≈...@C#
##..#.♣♣♣.#♣♣..≈≈#)#
..†.).♣ ♣.....†≈≈# #
....#.♣ ♣.#♣♣..≈≈#
....#♣...♣#≈≈...≈.#
....#♣...♣#≈≈≈.......
....#.♣♣♣.#≈≈≈≈......
....# #≈≈≈≈≈.....≈
....# #≈≈≈≈≈≈♣.♣≈S


You could see a stone giant and a wraith.

Vanquished Creatures
  A two-headed ogre (D:9)
  Pikel (D:5)
  8 yaks
  A wraith (D:9)
  Eustachio (D:6)
  2 wyverns (D:9)
  A steam dragon (D:9)
  An acid dragon (D:9)
  Duvessa (D:7)
  2 water moccasins
  2 ice beasts
  A sky beast (D:4)
  3 ogres
  A necrophage (D:6)
  2 orc warriors (D:8)
  A centaur (D:9)
  A phantom (D:4)
  2 lemures (D:5)
  4 kobold brigands
  4 scorpions
  A bullfrog (D:7)
  A wyvern skeleton (D:7)
  Dowan (D:6)
  3 wights (D:9)
  3 killer bees (D:8)
  An electric eel (D:9)
  4 howler monkeys
  A bullfrog zombie (D:7)
  3 centaur zombies
  2 hounds (D:5)
  A jelly (D:4)
  11 orc priests
  2 gnoll shamans
  A bullfrog skeleton (D:6)
  A centaur skeleton (D:4)
  Jessica (D:2)
  3 iguanas
  3 orc wizards
  15 gnolls
  9 adders
  2 howler monkey skeletons
  4 white imps
  3 adder skeletons (D:4)
  An adder zombie (D:5)
  3 worms
  A dart slug (D:4)
  18 orcs
  10 endoplasms
  3 giant cockroaches (D:4)
  5 goblins
  10 hobgoblins
  15 kobolds
  5 quokkas
  5 ball pythons (D:2)
  9 bats
  5 frilled lizards
  2 rats (D:2)
208 creatures vanquished.

Vanquished Creatures (others)
  3 plants (D:9)
3 creatures vanquished.

Grand Total: 211 creatures vanquished

Notes
Turn   | Place    | Note
-------+----------+-------------------------------------------
     0 | D:1      | bande the Gargoyle Fighter began the quest for the Orb.
     0 | D:1      | Reached XP level 1. HP: 14/14 MP: 1/1
    76 | D:1      | Reached XP level 2. HP: 16/19 MP: 2/2
   404 | D:1      | Reached skill level 2 in Axes
   444 | D:1      | Reached XP level 3. HP: 20/24 MP: 3/3
   780 | D:2      | Found a faded altar of an unknown god.
  1209 | D:2      | Reached XP level 4. HP: 24/29 MP: 4/4
  1272 | D:2      | Reached skill level 3 in Axes
  1701 | D:2      | Noticed Jessica
  1711 | D:2      | Killed Jessica
  2368 | D:3      | Reached XP level 5. HP: 26/33 MP: 5/5
  2576 | D:3      | Identified the +6 whip of Massacring {drain, Will+ Int+3}
  2638 | D:3      | Found a bloodstained altar of Trog.
  2726 | D:3      | Found a shimmering blue altar of Sif Muna.
  2732 | D:3      | Got Sif Muna's Catalogue of Clay
  2931 | D:3      | Found a blossoming altar of Fedhas.
  3054 | D:4      | Identified a scroll of acquirement
  3054 | D:4      | Acquired the +2 pair of gloves of Dithmenos's Fury {Drain
                  | rPois Dex+3 Slay+3}
  3645 | D:3      | Reached skill level 4 in Axes
  3769 | D:4      | Found Awasuatreq's One-of-a-Kind Rings.
  3788 | D:4      | Reached XP level 6. HP: 38/38 MP: 6/6
  3807 | D:4      | Found a white marble altar of Elyvilon.
  3854 | D:4      | Reached skill level 5 in Axes
  3854 | D:4      | Reached XP level 7. HP: 26/44 MP: 7/7
  4264 | D:4      | Reached skill level 5 in Armour
  4367 | D:4      | Found an opulent altar of Gozag.
  4845 | D:5      | Entered Level 5 of the Dungeon
  4854 | D:4      | Reached skill level 6 in Axes
  5324 | D:4      | Reached skill level 5 in Fighting
  5360 | D:5      | Gained mutation: You tend to lose your temper in combat.
                  | [potion of mutation]
  5360 | D:5      | Gained mutation: You are dopey. (Int -2) [potion of
                  | mutation]
  5360 | D:5      | Gained mutation: You are partially covered in iridescent
                  | scales. (AC +2) [potion of mutation]
  5361 | D:5      | Lost mutation: You are partially covered in iridescent
                  | scales. (AC +2) [potion of mutation]
  5361 | D:5      | Lost mutation: You tend to lose your temper in combat.
                  | [potion of mutation]
  5361 | D:5      | Lost mutation: You are dopey. (Int -2) [potion of mutation]
  5361 | D:5      | Gained mutation: Your flesh is cold resistant. (rC+)
                  | [potion of mutation]
  5371 | D:5      | Reached XP level 8. HP: 33/49 MP: 8/8
  5579 | D:5      | Noticed a yak
  5857 | D:5      | Killed a yak
  6193 | D:5      | Reached skill level 7 in Axes
  6274 | D:5      | Found a staircase to the Ecumenical Temple.
  6280 | Temple   | Entered the Ecumenical Temple
  6327 | Temple   | Became a worshipper of Warmaster Okawaru
  6350 | D:5      | Noticed Pikel
  6362 | D:5      | Killed Pikel
  6362 | D:5      | Reached * piety under Okawaru
  6363 | D:5      | Reached XP level 9. HP: 40/55 MP: 8/10
  6886 | D:4      | Reached skill level 8 in Axes
  6901 | D:4      | Reached ** piety under Okawaru
  8027 | D:6      | Noticed Eustachio
  8068 | D:6      | Killed Eustachio
  8175 | D:6      | Reached skill level 9 in Axes
  8281 | D:6      | Found a sparkling altar of Nemelex Xobeh.
  8288 | D:6      | Reached skill level 5 in Shields
  8365 | D:6      | Found Opruoc's Magic Scroll Shop.
  8637 | D:7      | Found Zucywix's Antique Weapon Boutique.
  8676 | D:7      | Found Ixkad's Distillery.
  8792 | D:7      | Reached XP level 10. HP: 61/61 MP: 13/13
  8795 | D:7      | Found a shimmering altar of Xom.
  8805 | D:7      | Found a shimmering altar of Xom.
  8805 | D:7      | Found a shimmering altar of Xom.
  8807 | D:7      | Found a shimmering altar of Xom.
  8807 | D:7      | Found a shimmering altar of Xom.
  8819 | D:7      | Reached *** piety under Okawaru
  9133 | D:7      | Noticed Dowan
  9135 | D:7      | Noticed Duvessa
  9302 | D:7      | Killed Duvessa
  9515 | D:6      | Killed Dowan
  9774 | D:7      | Reached skill level 5 in Invocations
 10121 | D:7      | Found Hydghih's Antique Weapon Boutique.
 10129 | D:7      | Bought a runed war axe for 188 gold pieces
 10358 | D:7      | Found Janua's Weapon Shoppe.
 11060 | D:8      | Reached skill level 10 in Axes
 11521 | D:9      | Reached skill level 1 in Evocations
 11584 | D:9      | Reached **** piety under Okawaru
 11675 | D:9      | Noticed a two-headed ogre
 11698 | D:9      | Killed a two-headed ogre
 11979 | D:9      | Reached ***** piety under Okawaru
 11980 | D:9      | Reached XP level 11. HP: 67/67 MP: 15/15
 12014 | D:9      | Noticed a stone giant
 12026 | D:9      | HP: 1/67 [stone giant (15)]
 12026 | D:9      | Demolished by a stone giant

Illustrated notes

Levels and vault maps discovered:
D:1:      eino_arrival_cavern_b, layout_rooms
D:2:      layout_basic, basic_ecumenical_altar, uniq_jessica
D:3:      layout_loops_ring, fedhas_altar_2,
          nzn_overflow_gifts_of_might_and_magic, guppyfry_early_orc_mine
D:4:      minmay_chambers_of_twos, layout_loops_ring,
          nicolae_gozag_cash_rules_everything_around_me,
          overflow_temple_1_default, nicolae_shop_unique_rings, nrook_uturn,
          minmay_strange_pillars, kennysheep_generic_room_13
D:5:      layout_basic, minmay_temple_entry_ruins, minmay_misc_feat_roman,
          uniq_pikel
D:6:      layout_gridville, mainiacjoe_overflow_six_doors_small, serial_shops,
          nicolae_shop_statue_plus, uniq_eustachio
D:7:      layout_layer_cave, xom_redecorated, serial_shops, shop_fountains,
          nicolae_shop_bloodbath_and_beyond, nicolae_shop_advertising_works
          [nicolae_subvault_shop_adworks], shop, uniq_duvessa
D:8:      layout_loops_cross
D:9:      nzn_winding_woodlands_cross [nzn_winding_woodlands_5x15_sidewinder,
          nzn_winding_woodlands_5x15_zeroes, nzn_winding_woodlands_5x15_parted,
          nzn_winding_woodlands_5x15_river_crossing,
          nzn_winding_woodlands_15x15_eel_pit], layout_gridville,
          kennysheep_orc_monster_closet_entryway
Temple:   eino_temple_lava

Skill      XL: |  1  2  3  4  5  6  7  8  9 10 11 |
---------------+----------------------------------+-----
Axes           | 2 3 4 5 6 7 9 10 | 10.7
Armour         | 4 5 6 7 |  7.7
Fighting       | 4 5 6 7 |  7.4
Shields        | 4 5 6 |  6.0
Invocations    | 2 4 6 |  6.1
Evocations     | 2 |  2.2

Action                   |  1- 3 |  4- 6 |  7- 9 | 10-12 || total
-------------------------+-------+-------+-------+-------++-------
Melee: War axe           |    82 |   170 |   321 |   214 ||   787
  Use: Scroll            |     3 |     4 |     5 |     2 ||    14
       Potion            |       |       |     2 |       ||     2
Armor: Scale mail        |    43 |   105 |   179 |       ||   327
       Chain mail        |       |       |    22 |    68 ||    90
       Plate armour      |       |       |       |   148 ||   148
Dodge: Dodged            |    50 |    81 |   157 |    83 ||   371
Block: Buckler           |    22 |    34 |    94 |    98 ||   248
